 Dungeon Crawl Stone Soup version 0.29-a0-542-g075992c915 (webtiles) character file.

Game seed: 6621814701508037741

46 enile the Firebug (level 4, -5/38 HPs)
             Began as a Meteoran Wanderer on June 4, 2022.
             Was a Follower of Sif Muna.
             Slain by an orc
             ... wielding a +0 war axe
              (7 damage)
             ... on level 2 of the Dungeon.
             The game lasted 00:05:03 (1488 turns).

enile the Firebug (Meteoran Wanderer)               Turns: 1488, Time: 00:05:04

Health: -5/38      AC:  3    Str:  8    XL:     4   Next: 13%
Magic:  17/17      EV: 12    Int: 12    God:    Sif Muna [*.....]
Gold:   63         SH:  0    Dex: 17    Spells: 6/7 levels left

rFire   . . .      SeeInvis .   i - +5 whip of Vukool {venom, Fragile rC+++ MP+9 Str-5}
rCold   + + +      Faith    .   (no shield)
rNeg    . . .      Spirit   .   f - +0 leather armour
rPois   .          Reflect  .   (no helmet)
rElec   .          Harm     .   (no cloak)
rCorr   .          Rampage  .   (no gloves)
Will    .....                   (no boots)
Stlth   +.........              (no amulet)
HPRegen 0.12/turn               (no ring)
MPRegen 0.15/turn               (no ring)

@: glowing
A: sense surroundings 1, otherworldly, glowing, explore regen
a: Renounce Religion, Channel Magic


You were on level 2 of the Dungeon.
You worshipped Sif Muna.
Sif Muna was aware of your devotion.
You visited 1 branch of the dungeon, and saw 3 of its levels.

You collected 63 gold pieces.

Inventory:

Hand Weapons
 a - a +0 dagger
 i - the +5 whip of Vukool (weapon) {venom, Fragile rC+++ MP+9 Str-5}
   (You found it on level 2 of the Dungeon)

   It poisons the flesh of those it strikes.
   Str:       It affects your strength (-5).
   rC:        It renders you almost immune to cold.
   MP:        It affects your magic capacity (+9).
   Fragile:   It will be destroyed if unequipped.
Missiles
 l - 4 atropa-tipped darts
 m - 5 javelins
Armour
 b - a +0 ring mail
 f - a +0 leather armour (worn)
Scrolls
 d - 2 scrolls of fear
 e - a scroll of vulnerability
 g - a scroll of poison {unknown}
 n - 2 scrolls of identify {unknown}
 q - a scroll of teleportation {unknown}
Potions
 c - a potion of curing
 h - a potion of haste {unknown}
 j - a potion of brilliance {unknown}
 k - a potion of attraction {unknown}
 o - a potion of berserk rage {unknown}
 p - a potion of might {unknown}
 r - a potion of magic {unknown}


   Skills:
 - Level 3.0 Fighting
 - Level 2.4 Armour
 + Level 2.2 Dodging
 - Level 1.0 Stealth
 - Level 2.4 Unarmed Combat
 - Level 2.0 Spellcasting
 - Level 3.0 Fire Magic


You had 6 spell levels left.
You knew the following spells:

 Your Spells              Type           Power      Damage    Failure   Level
a - Foxfire               Conj/Fire      16%        2x1d4     21%         1

Your spell library contained the following spells:

 Spells                   Type           Power      Damage    Failure   Level
 Ignite Poison            Fire/Tmut/Pois 3%         N/A       58%         3


Dungeon Overview and Level Annotations

Branches:
Dungeon (3/15)

Altars:
Sif Muna
Yredelemnul


Innate Abilities, Weirdness & Mutations

You passively map a small area around you.
You are easily found by Zot.
You glow in the dark.
You regain HP and MP as you explore.


Message History

The adder poisons you!
You whack the adder!
You kill the adder!
Sif Muna accepts your kill.
You feel very sick.
Your Dodging skill increases to level 2!
You have reached level 4!
You feel very sick.
You feel sick.
You feel sick.
You feel sick.
You feel sick.
You feel sick.
You feel sick.
You feel sick.
You feel sick.
Your magical contamination has completely faded away.
You feel sick.
You are no longer poisoned.
(D) Dungeon
Where to? (Enter - D:2, ? - help)
Okay, then.
(D) Dungeon
Where to? (Enter - D:2, ? - help)
You see here 16 stones.
There is a stone staircase leading down here.
You climb downwards.
There is a stone staircase leading up, spattered with blood here.
There are monsters nearby!
Okay, then.
The orc hits you with a +0 short sword.
* * * LOW HITPOINT WARNING * * *
The orc hits you with a +0 war axe!
* * * LOW HITPOINT WARNING * * *
You climb upwards.
There is a stone staircase leading down here.
You feel better. The orc hits you with a +0 short sword.
* * * LOW HITPOINT WARNING * * *
The orc hits you with a +0 war axe!
You die...

#.###........# #...# #......
#..........#### #...# ####...
..##(##.......####...########....
..##.............................
......###.............[(....#....
..##..# #...................(....
..##..###..##.##.#....########...
####.......##.##o#....# ##...
####>......##@#....# #.... ###
#.########o#....# #.##. ..# #.#
#......# #.##. #.# #.# ###)<.###
#.##. #.#####.# #.......# #.###
........# #.##.##.# #.###
#.####### ####.##.##.######....
#.# #...........^....#### ..#
#####.##........####.#


You could see 2 orcs.

Vanquished Creatures
  2 adders (D:2)
  A dart slug (D:2)
  2 ball pythons
  A bat (D:1)
  3 endoplasms (D:1)
  A giant cockroach (D:2)
  2 goblins
  4 hobgoblins (D:1)
  5 kobolds
  A quokka (D:1)
22 creatures vanquished.

Vanquished Creatures (others)
  22 foxfires
22 creatures vanquished.

Grand Total: 44 creatures vanquished

Notes
Turn   | Place    | Note
-------+----------+-------------------------------------------
     0 | D:1      | enile the Meteoran Wanderer began the quest for the Orb.
     0 | D:1      | enile set off with the following items: a +0 dagger, a +0
                  | ring mail, a potion of curing, 2 scrolls of fear; and the
                  | following spell memorised: Foxfire; and the following
                  | spells available to memorise: Ignite Poison
     0 | D:1      | Reached XP level 1. HP: 17/17 MP: 3/3
   165 | D:1      | Reached XP level 2. HP: 22/24 MP: 0/5
   443 | D:1      | Found a faded altar of an unknown god.
   452 | D:1      | Prayed at the altar of an unknown god.
   452 | D:1      | Became a worshipper of Sif Muna the Loreminder
   452 | D:1      | Reached * piety under Sif Muna
   499 | D:1      | Glimpsed the power of Zot.
   549 | D:1      | Glimpsed the power of Zot.
   596 | D:2      | Identified the +5 whip of Vukool {venom, Fragile rC+++ MP+9
                  | Str-5}
   748 | D:2      | Found a basalt altar of Yredelemnul.
   762 | D:2      | Reached XP level 3. HP: 22/31 MP: 7/7
   845 | D:2      | Reached skill level 1 in Dodging
  1431 | D:2      | Reached XP level 4. HP: 21/38 MP: 8/8
  1486 | D:3      | HP: 1/38 [orc/+0 war axe (7)]
  1488 | D:2      | Slain by an orc

Illustrated notes

Levels and vault maps discovered:
D:1:      dpeg_arrival_water_altar, layout_basic,
          shapermc_ecumenical_altar_pompeii
D:2:      layout_loops_cross, basic_altar
D:3:      layout_rooms, grunt_temple_overflow_cloverleaf,
          gammafunk_ghost_stat_death, uniq_robin, uniq_grinder

Skill      XL: |  1  2  3 |
---------------+----------+-----
Fire Magic     | 3 |  3.0
Spellcasting   | 2 |  2.0
Fighting       | 3 |  3.0
Dodging        | 2 |  2.2
Armour         | |  2.4
Stealth        | |  1.0
Unarmed Combat | |  2.4

Action                   |  1- 3 |  4- 6 || total
-------------------------+-------+-------++-------
Melee: Dagger            |    24 |       ||    24
       Whip              |    27 |       ||    27
 Cast: Foxfire           |    13 |       ||    13
  Use: Scroll            |     2 |       ||     2
       Potion            |     1 |     1 ||     2
Armor: Ring mail         |     2 |       ||     2
       Leather armour    |    20 |       ||    20
Dodge: Dodged            |    36 |       ||    36

Table legend: (Time is in decaauts)
 A = Elapsed time spent in this place.
 B = Non-inter-level travel time spent in this place.
 C = Inter-level travel time spent in this place.
 D = Time resting spent in this place.
 E = Time spent auto-exploring this place.
 F = Levels seen in this place.
 G = Mean time per level.
                   A        B        C        D        E       F      G
               +--------+--------+--------+--------+--------+-----+--------+
         Total |   1492 |   1302 |    190 |      0 |    602 |   3 |  497.3 |
       Dungeon |   1492 |   1302 |    190 |      0 |    602 |   3 |  497.3 |
               +--------+--------+--------+--------+--------+-----+--------+

Top non-repeatable levels by time:
     D:1: 757 daAuts
     D:2: 726 daAuts
     D:3: 9 daAuts
